 Dungeon Crawl Stone Soup version 0.31-a0-145-g046c7d2549 (webtiles) character file.

Game seed: 10382679920919950444

154 wayreth the Trooper (level 5, -2/46 HPs)
             Began as a Demonspawn Berserker on June 6, 2023.
             Was a Believer of Trog.
             Killed from afar by Blork the orc (5 damage)
             ... with a puff of flame
             ... on level 6 of the Dungeon.
             The game lasted 00:08:08 (2458 turns).

wayreth the Trooper (Demonspawn Berserker)          Turns: 2458, Time: 00:08:11

Health: -2/46      AC:  5    Str: 19    XL:     5   Next: 13%
Magic:  5/5        EV: 12    Int:  8    God:    Trog [**....]
Gold:   110        SH:  0    Dex: 19    Spells: 4/4 levels left

rFire   . . .        a - +0 hand axe
rCold   . . .        (no shield)
rNeg    + . .        b - +0 animal skin
rPois   .            (helmet restricted)
rElec   .            (no cloak)
rCorr   .            (no gloves)
SInv    .            j - +0 pair of boots
Will    .....        l - amulet of regeneration
Stlth   ++           g - +6 ring of dexterity
HPRegen 1.07/turn    k - ring of positive energy
MPRegen 0.09/turn

%: no passive effects
@: about to teleport
A: horns 2, slimy green scales 1, powered by death 1
a: Renounce Religion, Berserk, Trog's Hand


You were on level 6 of the Dungeon.
You worshipped Trog.
Trog was pleased with you.
You visited 1 branch of the dungeon, and saw 4 of its levels.

You collected 110 gold pieces.

Inventory:

Hand Weapons
 a - a +0 hand axe (weapon)
Armour
 b - a +0 animal skin (worn)
 j - a +0 pair of boots (worn)
Jewellery
 g - a +6 ring of dexterity (left hand)
 k - a ring of positive energy (right hand)
 l - an amulet of regeneration (around neck)
Scrolls
 c - a scroll of amnesia
 d - 2 scrolls of identify
 p - a scroll of fog {unknown}
 r - a scroll of poison
 t - a scroll of noise
Potions
 e - a potion of degeneration {unknown}
 h - a potion of mutation {unknown}
 i - a potion of heal wounds {unknown}
 m - a potion of lignification
 n - a potion of resistance {unknown}
 o - a potion of attraction {unknown}
 q - a potion of invisibility {unknown}
 s - a potion of magic {unknown}


   Skills:
 * Level 5.9 Fighting
 - Level 2.6 Axes
 - Level 1.7 Armour
 - Level 1.7 Dodging


You had 4 spell levels left.
You didn't know any spells.
Your spell library was empty.

Dungeon Overview and Level Annotations

Branches:
Dungeon (3/15)

Altars:
Yredelemnul

Shops:
D:6 (

Annotations:
D:6 Blork the orc, Dowan, Duvessa


Innate Abilities, Weirdness & Mutations

You have a pair of horns on your head.
You are partially covered in slimy green scales. (AC +2)
You regenerate a little health from kills.


Message History

It is a scroll of amnesia.
You feel forgetful for a moment. The hound bites you.
The white imp gestures at you. The puff of frost hits you.
Duvessa barely misses you. The hound bites you but does no damage.
Found a short sword.
Dowan gestures wildly while chanting.
Dowan blinks!
Blork the orc screams, "I'm much stronger than you!"
The air fills with toxic fumes!
As you read the scroll labelled BAMUKU ROGAODGH, it crumbles to dust.
It was a scroll of poison.
The hound bites you. Dowan casts a spell at you. The puff of flame hits you.
Duvessa hits you with a +0 short sword. Blork the orc closely misses you.
The hound bites you but does no damage.
Really walk into that cloud of poison gas? [Y]es or [N]o only, please.
Really walk into that cloud of poison gas?
Okay, then.
The white imp hits you but does no damage.
Duvessa hits you with a +0 short sword. Blork the orc barely misses you.
The hound stops to sniff the ground.
The hound bites you.
* * * LOW HITPOINT WARNING * * *
As you read the scroll labelled LONLI OJYSOWEZ, it crumbles to dust.
It is a scroll of identify.
t - a scroll of noise The hound closely misses you.
The white imp misses you. Duvessa closely misses you.
Blork the orc hits you with a +0 dire flail!
* * * LOW HITPOINT WARNING * * *
The hound barely misses you.
As you read the scroll labelled SOPHUMIEWK, it crumbles to dust.
You feel strangely unstable.
It was a scroll of teleportation.
The white imp hits you but does no damage.
Duvessa says, "My weaknesses are his strengths!"
Duvessa closely misses you.
Blork the orc points at you and mumbles some strange words.
The puff of flame hits you.
You die...

#############
#§§§§§§§§§§§#
#§§§§§§§§§§§# .
#§§§§§§§§§§§#
..###§§§§§§§§§§§#
.§§§§§§§§§§§§e§# .#..
#§§§§e@§§§§§§# ..K...
#§§§§ho5§§§§§# .K.
...####§§§§§h§§§♣♣§# ...
..K..§§§§gg§.§§§§§. ...
.....§§§§§§§§§§§§§§§ ..#
#.####§###§#§§#§§#§ ..#
#.§§§..§§.§§§§§§§
..######.§§g##§§#####§§§
.............#..#...#


You could see Duvessa, Blork the orc, Dowan, 2 hounds, 2 gnolls and a white imp.

Vanquished Creatures
  An iguana (D:6)
  4 gnolls (D:2)
  2 adders
  2 worms (D:2)
  4 dart slugs
  4 endoplasms
  A giant cockroach (D:1)
  8 hobgoblins
  4 jackals (D:1)
  4 kobolds
  2 quokkas (D:3)
  3 ball pythons
  4 bats
  4 frilled lizards
  8 goblins
  4 rats
59 creatures vanquished.

Notes
Turn   | Place    | Note
-------+----------+-------------------------------------------
     0 | D:1      | wayreth the Demonspawn Berserker began the quest for the
                  | Orb.
     0 | D:1      | Reached XP level 1. HP: 18/18 MP: 1/1
   185 | D:1      | Gained mutation: You have a pair of small horns on your
                  | head. [demonic ancestry]
   185 | D:1      | Reached XP level 2. HP: 24/24 MP: 2/2
   578 | D:1      | Reached skill level 4 in Fighting
   723 | D:1      | Reached ** piety under Trog
   724 | D:1      | Gained mutation: You regenerate a little health from kills.
                  | [demonic ancestry]
   724 | D:1      | Reached XP level 3. HP: 30/30 MP: 3/3
  1779 | D:2      | Gained mutation: You have a pair of horns on your head.
                  | [demonic ancestry]
  1779 | D:2      | Reached XP level 4. HP: 23/38 MP: 4/4
  1785 | D:2      | Reached skill level 5 in Fighting
  1985 | D:2      | Found a faded altar of an unknown god.
  2313 | D:3      | You fall into a shaft and drop 3 floors!
  2321 | D:6      | Noticed a sky beast
  2347 | D:6      | Found a basalt altar of Yredelemnul.
  2429 | D:6      | Gained mutation: You are partially covered in slimy green
                  | scales. (AC +2) [demonic ancestry]
  2429 | D:6      | Reached XP level 5. HP: 46/46 MP: 5/5
  2448 | D:6      | Noticed Blork the orc
  2448 | D:6      | Noticed Duvessa
  2450 | D:6      | Found Inen's Antique Weapon Emporium.
  2450 | D:6      | Noticed Dowan
  2457 | D:6      | HP: 2/46 [Blork the orc/+0 dire flail (10)]
  2458 | D:6      | Killed from afar by Blork the orc

Illustrated notes

Levels and vault maps discovered:
D:1:      heliophobic_arrival_henge, layout_basic,
          chequers_serial_rivers_micro_b
D:2:      layout_basic, shapermc_ecumenical_altar_ellora, amethyst_killhole,
          minivault_5, minmay_misc_feat_more_columns, minivault_27
D:3:      kb_forest_paths, layout_basic, nicolae_sif_muna_little_library,
          uniq_grinder
D:6:      minmay_polygon_palace, layout_basic, mainiacjoe_overflow_boulevard,
          nicolae_take_the_stairs, chequers_mini_garden, uniq_blork_the_orc,
          uniq_duvessa

Skill      XL: |  1  2  3  4 |
---------------+-------------+-----
Fighting       | 4 5 |  5.9
Axes           | |  2.6
Armour         | |  1.7
Dodging        | |  1.7

Action                     |  1- 3 |  4- 6 || total
---------------------------+-------+-------++-------
  Melee: Hand axe          |   113 |    56 ||   169
         Headbutt          |    13 |     9 ||    22
         Punch             |       |     1 ||     1
    Use: Potion            |       |     1 ||     1
         Scroll            |       |     4 ||     4
   Stab: Sleeping          |     1 |     2 ||     3
 Armour: Animal skin       |    26 |    13 ||    39
         Skin              |       |     3 ||     3
  Dodge: Dodged            |    66 |    47 ||   113

Table legend: (Time is in decaauts)
 A = Elapsed time spent in this place.
 B = Non-inter-level travel time spent in this place.
 C = Inter-level travel time spent in this place.
 D = Time resting spent in this place.
 E = Time spent auto-exploring this place.
 F = Levels seen in this place.
 G = Mean time per level.
                   A        B        C        D        E       F      G
               +--------+--------+--------+--------+--------+-----+--------+
         Total |   2485 |   2413 |     72 |     28 |   1797 |   4 |  621.2 |
       Dungeon |   2485 |   2413 |     72 |     28 |   1797 |   4 |  621.2 |
               +--------+--------+--------+--------+--------+-----+--------+

Top non-repeatable levels by time:
     D:1: 1161 daAuts
     D:2: 1089 daAuts
     D:6: 145 daAuts
     D:3: 89 daAuts
